 Dungeon Crawl Stone Soup version 0.31-a0-840-g6d2ecbb638 (webtiles) character file.

Game seed: 540926777630200538

184 BritishOli the Trooper (level 5, -2/42 HPs)
             Began as a Demonspawn Fighter on Sept 27, 2023.
             Slain by Grinder (4 damage)
             ... while paralysed by Grinder
             ... on level 3 of the Dungeon.
             The game lasted 00:04:36 (1838 turns).

BritishOli the Trooper (Demonspawn Fighter)         Turns: 1838, Time: 00:04:36

Health: -2/42      AC:  9    Str: 24    XL:     5   Next: 36%
Magic:  5/5        EV:  2    Int:  9    God:
Gold:   125        SH:  0    Dex: 15    Spells: 4/4 levels left

rFire   . . .        a - +0 war axe
rCold   . . .        c - +0 buckler
rNeg    . . .        t - +0 ring mail {rPois}
rPois   +            (no helmet)
rElec   .            (no cloak)
rCorr   .            (no gloves)
SInv    .            (no boots)
Will    .....        (no amulet)
Stlth   ++           g - +4 ring of protection
HPRegen 0.27/turn    r - +6 ring of strength
MPRegen 0.09/turn

%: no passive effects
@: paralysed, about to teleport
A: thin skeletal structure 1, powered by death 2
a: no special abilities


You were on level 3 of the Dungeon.
You visited 1 branch of the dungeon, and saw 3 of its levels.

You collected 125 gold pieces.

Inventory:

Hand Weapons
 a - a +0 war axe (weapon)
Missiles
 d - a throwing net
Armour
 b - a +0 scale mail
 c - a +0 buckler (worn)
 j - a +0 plate armour
 t - a +0 ring mail of poison resistance (worn)
Jewellery
 g - a +4 ring of protection (left hand)
 o - a ring of resist corrosion
 r - a +6 ring of strength (right hand)
Scrolls
 e - 2 scrolls of noise
 f - 2 scrolls of identify
 n - a scroll of enchant armour
 q - a scroll of immolation
Potions
 h - a potion of haste {unknown}
 i - a potion of mutation {unknown}
 k - 3 potions of heal wounds
 l - a potion of brilliance {unknown}
 m - 2 potions of curing {unknown}
 s - a potion of invisibility {unknown}


   Skills:
 + Level 4.0 Fighting
 + Level 2.9 Axes
 + Level 3.6 Armour
 + Level 3.6 Shields


You had 4 spell levels left.
You didn't know any spells.
Your spell library was empty.

Dungeon Overview and Level Annotations

Branches:
Dungeon (3/15)

Altars:

Shops:
D:2 [   D:3 [

Annotations:
D:3 Grinder


Innate Abilities, Weirdness & Mutations

You have a somewhat thin skeletal structure. (Dex +2, Stealth+)
You regenerate health from kills.


Message History

You kill the ball python!
No target in view!
No target in view!
No target in view!
You see here a +0 ring mail of poison resistance.
t - a +0 ring mail of poison resistance You start removing your armour.
You continue taking off your +0 plate armour. x4
You finish taking off your +0 plate armour.
You start putting on your armour.
You continue putting on your +0 ring mail of poison resistance. x5
You finish putting on your +0 ring mail of poison resistance.
You feel resistant to poison.
Grinder is nearby!
As you read the scroll of identify, it crumbles to dust.
n - a scroll of enchant armour You aren't carrying any items that you can evoke.
As you read the scroll of identify, it crumbles to dust.
q - a scroll of immolation Grinder blinks!
You aren't carrying any items that you can evoke.
Grinder gestures at you. Pain shoots through your body!
Grinder closely misses you.
You hit Grinder.
Grinder is lightly wounded.
Grinder gestures at you. Pain shoots through your body!
As you read the scroll of teleportation, it crumbles to dust.
You feel strangely unstable. Grinder gestures at you.
You suddenly lose the ability to move!
Grinder hits you.
You writhe in agony.
* * * LOW HITPOINT WARNING * * *
Grinder hits you but does no damage. Grinder hits you!
* * * LOW HITPOINT WARNING * * *
You writhe in agony.
You die...
Grinder says, "Now the real fun starts!"

.#.#...##.##
#.......##..#
#...#....#.##
....#..#†#.####
..............#
..............#
.8............#
.......5.....##
.......@.....#
.............#
.............#
......########
...... ......
..... #####


You could see Grinder.

Vanquished Creatures
  A bullfrog (D:3)
  Natasha (D:3)
  4 gnolls (D:2)
  2 adders (D:2)
  A worm (D:3)
  A dart slug (D:2)
  7 ball pythons
  3 bats (D:2)
  3 endoplasms
  A giant cockroach (D:2)
  2 hobgoblins (D:1)
  3 jackals (D:2)
  3 quokkas (D:1)
  5 frilled lizards
  5 kobolds
42 creatures vanquished.

Notes
Turn   | Place    | Note
-------+----------+-------------------------------------------
     0 | D:1      | BritishOli the Demonspawn Fighter began the quest for the
                  | Orb.
     0 | D:1      | Reached XP level 1. HP: 18/18 MP: 1/1
   126 | D:1      | Gained mutation: You regenerate a little health from kills.
                  | [demonic ancestry]
   126 | D:1      | Reached XP level 2. HP: 21/24 MP: 2/2
   490 | D:2      | Found a faded altar of an unknown god.
  1147 | D:2      | Gained mutation: You have a somewhat thin skeletal
                  | structure. (Dex +2, Stealth+) [demonic ancestry]
  1147 | D:2      | Reached XP level 3. HP: 29/29 MP: 3/3
  1336 | D:2      | Gained mutation: You regenerate health from kills. [demonic
                  | ancestry]
  1336 | D:2      | Reached XP level 4. HP: 24/35 MP: 4/4
  1405 | D:2      | Found Liefedgh's Armour Shop.
  1732 | D:3      | Noticed Grinder
  1744 | D:3      | Noticed Natasha
  1748 | D:3      | Killed Natasha
  1760 | D:3      | Found Pitzi's Antique Armour Emporium.
  1790 | D:3      | Noticed a bullfrog
  1802 | D:3      | Killed a bullfrog
  1803 | D:3      | Reached skill level 4 in Fighting
  1803 | D:3      | Reached XP level 5. HP: 42/42 MP: 5/5
  1835 | D:3      | Paralysed by Grinder for 5 turns
  1838 | D:3      | HP: 2/42 [Grinder (7)]
  1838 | D:3      | Slain by Grinder

Illustrated notes

Levels and vault maps discovered:
D:1:      moated_graveyard_arrival, layout_rooms
D:2:      minmay_chambers_of_twos, layout_basic, serial_shops, shop,
          basic_ecumenical_altar, grunt_decor_cap
D:3:      layout_rooms, lightli_temple_of_fire, serial_shops, shop,
          nicolae_shop_statue_plus, nicolae_concentric_dashed_squares_mild,
          uniq_natasha, uniq_grinder, uniq_terence

Skill      XL: |  1  2  3  4 |
---------------+-------------+-----
Axes           | 2 |  2.9
Armour         | 3 |  3.6
Shields        | 3 |  3.6
Fighting       | 4 |  4.0

Action                     |  1- 3 |  4- 6 || total
---------------------------+-------+-------++-------
  Melee: War axe           |    81 |    45 ||   126
    Use: Scroll            |     3 |     3 ||     6
         Potion            |     2 |       ||     2
 Armour: Scale mail        |    15 |       ||    15
         Plate armour      |    78 |    26 ||   104
         Ring mail         |       |     3 ||     3
  Dodge: Dodged            |    33 |    14 ||    47
  Block: Buckler           |    26 |    13 ||    39

Table legend: (Time is in decaauts)
 A = Elapsed time spent in this place.
 B = Non-inter-level travel time spent in this place.
 C = Inter-level travel time spent in this place.
 D = Time resting spent in this place.
 E = Time spent auto-exploring this place.
 F = Levels seen in this place.
 G = Mean time per level.
                   A        B        C        D        E       F      G
               +--------+--------+--------+--------+--------+-----+--------+
         Total |   1890 |   1794 |     96 |    101 |   1307 |   3 |  630.0 |
       Dungeon |   1890 |   1794 |     96 |    101 |   1307 |   3 |  630.0 |
               +--------+--------+--------+--------+--------+-----+--------+

Top non-repeatable levels by time:
     D:2: 1283 daAuts
     D:1: 502 daAuts
     D:3: 104 daAuts
